[Event "Titled Tuesday Blitz August 3 2021"]
[White "Sarkar, Justin"]
[Black "Silva, Miguel Antonio Neto"]
[WhiteFideId "2010011"]
[BlackFideId "1911929"]
[WhiteElo "2072"]
[BlackElo "2283"]
[Result "0-1"]
[Round "10"]
[TimeControl "180+1"]
[Date "2021.08.03"]
[WhiteClock "0:00:01"]
[BlackClock "0:01:09"]

1. e4 e5 2. Bc4 Nf6 3. d3 Nc6 4. h3 Na5 5. Qf3 h6 6. Ne2 Nxc4 7. dxc4 Bc5 8. Ng3 d6 9. Nf5 Bxf5 10. Qxf5 Qd7 11. Qf3 Qc6 12. Nd2 a5 13. O-O Ba7 14. Re1 O-O-O 15. c3 Rdf8 16. b4 Nh7 17. bxa5 Ng5 18. Qe2 f5 19. exf5 Rxf5 20. c5 Bxc5 21. Qg4 Rf8 22. Ne4 Nxe4 23. Rxe4 Kb8 24. Be3 Bxe3 25. Rxe3 Rxf2 26. Qxg7 R8f6 27. Rae1 Qc5 0-1


[Site "https://www.chess.com"]

[Event "Titled Tuesday Blitz August 3 2021"]
[White "Seletsky, Grigory"]
[Black "Kim, Sergey"]
[WhiteFideId "14112191"]
[BlackFideId "13700570"]
[WhiteElo "2492"]
[BlackElo "2585"]
[Result "1-0"]
[Round "10"]
[TimeControl "180+1"]
[Date "2021.08.03"]
[WhiteClock "0:01:04"]
[BlackClock "0:00:34"]

1. b3 Nf6 2. Bb2 g6 3. Bxf6 exf6 4. c4 h5 5. Nc3 h4 6. h3 d6 7. e3 f5 8. Nf3 Bg7 9. Rc1 Nd7 10. d4 Nf6 11. Be2 c6 12. O-O Qe7 13. Qc2 Ne4 14. Bd3 Nxc3 15. Qxc3 O-O 16. c5 d5 17. b4 a6 18. Ne5 Kh7 19. Rce1 f6 20. Nf3 g5 21. Qc2 Qd7 22. g4 hxg3 23. fxg3 Kh8 24. Nh2 f4 25. g4 Bh6 26. exf4 gxf4 27. Nf3 Bg5 28. Nxg5 fxg5 29. Re5 Qg7 30. Rfe1 f3 31. Qf2 a5 32. b5 cxb5 33. Bxb5 Qg6 34. a4 Qh7 35. Kh2 Bxg4 36. Qg3 Qc2+ 37. Be2 f2 38. Rxg5 fxe1=Q 39. Qe5+ 1-0


[Site "https://www.chess.com"]

[Event "Titled Tuesday Blitz August 3 2021"]
[White "Serikbay, Assel"]
[Black "Swicarz, Maciej"]
[WhiteFideId "13706799"]
[BlackFideId "1113585"]
[WhiteElo "2044"]
[BlackElo "2199"]
[Result "1-0"]
[Round "10"]
[TimeControl "180+1"]
[Date "2021.08.03"]
[WhiteClock "0:00:04"]
[BlackClock "0:00:13"]

1. d4 d6 2. Nf3 Bg4 3. c4 e6 4. e3 c6 5. Be2 Nf6 6. O-O d5 7. h3 Bxf3 8. Bxf3 dxc4 9. a4 Nbd7 10. Nd2 e5 11. Nxc4 exd4 12. exd4 Be7 13. a5 O-O 14. a6 b5 15. Na5 Bd6 16. Bxc6 Rb8 17. Nb7 Qc7 18. Bxb5 Nb6 19. Bg5 Ne4 20. Rc1 Bh2+ 21. Kh1 Nxg5 22. Rxc7 Bxc7 23. Qg4 Ne6 24. Rc1 Nd5 25. Bc4 Nf6 26. Qh4 Bb6 27. Bxe6 fxe6 28. Qf4 Rbe8 29. Qe5 Nd5 30. Nd6 Re7 31. Nc8 Ree8 32. Nxb6 Nxb6 33. Rc7 Rf7 34. Rxf7 Kxf7 35. Qc7+ Re7 36. Qf4+ Kg8 37. Qd6 Kf7 38. b4 Rd7 39. Qc5 Rd5 40. Qc3 Rd7 41. Kh2 h6 42. g3 Nd5 43. Qf3+ Ke8 44. b5 Ke7 45. Qa3+ Kf7 46. Qc5 Nb6 47. h4 Rd5 48. Qc3 Rd7 49. Kh3 Nd5 50. Qc5 Nb6 51. g4 Rd5 52. Qc3 Rd7 53. Kg3 Nd5 54. Qf3+ Kg8 55. Qe4 Kf7 56. g5 hxg5 57. hxg5 g6 58. Qe5 Rc7 59. Qd6 Re7 60. f4 Nb6 61. Qc6 Nd5 62. Qc5 Rc7 63. Qd6 Rc3+ 64. Kf2 Rc7 65. Ke1 Re7 66. Kd2 Rc7 67. Qe5 Re7 68. Qh8 Rc7 69. Qh7+ Ke8 70. Qxg6+ Kd7 71. Qf7+ Kd6 72. Qf8+ Kd7 73. g6 Ne7 74. g7 Rc8 75. Qf6 Kd6 76. Qe5+ Kd7 77. Ke3 Rg8 78. Qg5 Rxg7 79. Qc5 Nd5+ 80. Kd3 Rg3+ 81. Kd2 Rg2+ 82. Ke1 Nxf4 83. Qc6+ Ke7 84. Qc7+ Ke8 85. Qxf4 Rb2 86. Kd1 Rxb5 87. Qd6 Rd5 88. Qb8+ Ke7 89. Qxa7+ Kf6 90. Qb6 Ke7 91. a7 Rd6 92. Qxd6+ Kxd6 93. a8=Q Ke7 94. d5 Kf6 95. Qc6 Kf5 96. Qxe6+ Kf4 97. d6 Kg3 98. d7 Kh4 99. d8=Q+ Kg3 100. Qdg8+ Kh2 101. Qh6# 1-0


[Site "https://www.chess.com"]

[Event "Titled Tuesday Blitz August 3 2021"]
[White "Shahade, Gregory"]
[Black "Terry, Renato"]
[WhiteFideId "2009064"]
[BlackFideId "3803457"]
[WhiteElo "2731"]
[BlackElo "2581"]
[Result "1-0"]
[Round "10"]
[TimeControl "180+1"]
[Date "2021.08.03"]
[WhiteClock "0:00:05"]
[BlackClock "0:00:01"]

1. e4 e6 2. d4 d5 3. Nd2 Be7 4. Ngf3 Nf6 5. e5 Nfd7 6. c3 c5 7. Bd3 Nc6 8. O-O a5 9. a4 Qb6 10. dxc5 Qc7 11. Nb3 Ndxe5 12. Bf4 Nxf3+ 13. Qxf3 e5 14. Bg3 Qd8 15. Bb5 e4 16. Qe2 O-O 17. Rad1 Be6 18. Rfe1 Qc8 19. Bf4 Rd8 20. Be3 Bg4 21. f3 Bh5 22. Qf2 exf3 23. gxf3 Qh3 24. Bxc6 bxc6 25. Nd4 Bh4 26. Qf1 Qd7 27. Bf2 Bf6 28. Qg2 Rab8 29. Bg3 Rb7 30. Be5 Bxe5 31. Rxe5 Bg6 32. Rde1 Qc8 33. f4 Be4 34. Qg3 Rxb2 35. Re2 Rxe2 36. Nxe2 Qb8 37. f5 Qb1+ 38. Kf2 Bxf5 39. Qg5 Rf8 40. Qxf5 Qa2 41. Qg4 Qd2 42. Re3 Qc2 43. Qd4 Rb8 44. Qd3 Qa2 45. Qd4 g6 46. h4 Qb1 47. Qf4 Rf8 48. h5 Qh1 49. h6 Qh5 50. Rf3 g5 51. Qf6 Qg6 52. Qxg6+ hxg6 53. Rf6 Kh7 54. Nd4 Kxh6 55. Rxc6 Rb8 56. Rb6 Rc8 57. c6 f5 58. Rb5 g4 59. Rxa5 Kg5 60. Rxd5 Rh8 61. c7 Rh2+ 62. Kg1 1-0


[Site "https://www.chess.com"]

[Event "Titled Tuesday Blitz August 3 2021"]
[White "Shimelkov, Vasiliy"]
[Black "Trakru, Rohun"]
[WhiteFideId "13701630"]
[BlackFideId "2097613"]
[WhiteElo "2073"]
[BlackElo "1746"]
[Result "1-0"]
[Round "10"]
[TimeControl "180+1"]
[Date "2021.08.03"]
[WhiteClock "0:01:35"]
[BlackClock "0:01:12"]

1. d4 d5 2. Nf3 c6 3. c4 Nf6 4. Nc3 dxc4 5. a4 Bf5 6. e3 e6 7. Bxc4 Bb4 8. O-O O-O 9. Qe2 Nbd7 10. e4 Bg6 11. e5 Nd5 12. Nxd5 cxd5 13. Bd3 Bh5 14. Qe3 Be7 15. Bd2 Nb8 16. b4 Nc6 17. Rab1 Rc8 18. Rfc1 Bxf3 19. gxf3 Qd7 20. b5 Nb8 21. f4 f6 22. Rxc8 Rxc8 23. f5 fxe5 24. Qxe5 Bf6 25. Qxe6+ Qxe6 26. fxe6 Bxd4 27. Rc1 Rxc1+ 28. Bxc1 b6 29. Bf4 1-0


[Site "https://www.chess.com"]

[Event "Titled Tuesday Blitz August 3 2021"]
[White "Shyaamnikhil P"]
[Black "Egorov, Evgeny"]
[WhiteFideId "5024218"]
[BlackFideId "13700421"]
[WhiteElo "2300"]
[BlackElo "2422"]
[Result "0-1"]
[Round "10"]
[TimeControl "180+1"]
[Date "2021.08.03"]
[WhiteClock "0:02:04"]
[BlackClock "0:01:38"]

1. e3 e5 2. c4 Nc6 3. Nc3 Nf6 4. g4 h6 5. h3 d5 6. cxd5 Nxd5 7. a3 Nxc3 8. bxc3 Qd5 9. d3 Qxh1 10. Nf3 Bd6 11. Qe2 O-O 12. e4 b5 13. Be3 a5 14. Kd2 Be6 15. Nh4 b4 16. c4 bxa3 17. c5 Be7 18. Nf3 Rab8 0-1


[Site "https://www.chess.com"]

[Event "Titled Tuesday Blitz August 3 2021"]
[White "Song, Michael"]
[Black "Ivanchuk, Vasyl"]
[WhiteFideId "2613190"]
[BlackFideId "14100010"]
[WhiteElo "2274"]
[BlackElo "2710"]
[Result "0-1"]
[Round "10"]
[TimeControl "180+1"]
[Date "2021.08.03"]
[WhiteClock "0:01:42"]
[BlackClock "0:00:28"]

1. d4 d5 2. c4 Nc6 3. Nf3 Bg4 4. cxd5 Bxf3 5. gxf3 Qxd5 6. e3 e6 7. Nc3 Qh5 8. f4 Qxd1+ 9. Kxd1 O-O-O 10. Bg2 Nce7 11. Ke2 Nf6 12. Bd2 Nf5 13. Rhc1 Kb8 14. b4 h6 15. b5 g5 16. fxg5 hxg5 17. h3 Nh4 18. Bf1 Ba3 19. Rc2 Rhe8 20. Rb1 e5 21. Rb3 exd4 22. Rxa3 d3+ 23. Kd1 dxc2+ 24. Kxc2 Re5 25. Ra4 Rf5 26. f4 gxf4 27. exf4 Nd5 28. Rd4 Nf3 29. Rxd5 Rfxd5 30. Nxd5 Nxd2 31. Bg2 Rg8 0-1


[Site "https://www.chess.com"]

[Event "Titled Tuesday Blitz August 3 2021"]
[White "Spata, German"]
[Black "Isajevsky, Anton"]
[WhiteFideId "113026"]
[BlackFideId "4142500"]
[WhiteElo "2238"]
[BlackElo "2510"]
[Result "1-0"]
[Round "10"]
[TimeControl "180+1"]
[Date "2021.08.03"]
[WhiteClock "0:00:08"]
[BlackClock "0:00:01"]

1. Nf3 c5 2. b3 d5 3. Bb2 Nf6 4. e3 Nc6 5. Bb5 Bd7 6. O-O e6 7. d3 Be7 8. Nbd2 O-O 9. Bxc6 Bxc6 10. Ne5 Be8 11. f4 Nd7 12. Ndf3 Nxe5 13. Nxe5 f6 14. Nf3 b5 15. Qe2 a5 16. e4 d4 17. f5 e5 18. Bc1 a4 19. Bd2 Bf7 20. g4 c4 21. g5 c3 22. g6 cxd2 23. gxf7+ Rxf7 24. Nxd2 Bf8 25. Rab1 axb3 26. Rxb3 Rxa2 27. Rxb5 Rxc2 28. Qd1 Rfc7 29. Nc4 Rc3 30. Kh1 Qe8 31. Rb3 Rxb3 32. Qxb3 Qe7 33. Nxe5+ Kh8 34. Nc4 Qf7 35. Qc2 Qh5 36. Qg2 Ra7 37. Qf3 Qxf3+ 38. Rxf3 Ra2 39. Rg3 Bb4 40. Rg2 Ra1+ 41. Rg1 Ra2 42. Rg2 Ra1+ 43. Rg1 Ra2 44. Rf1 Kg8 45. e5 fxe5 46. Nxe5 Bd6 47. Nf3 Kf7 48. Kg1 Kf6 49. Rf2 Ra1+ 50. Kg2 Ra4 51. Nd2 Kf7 52. Ne4 Be7 53. Kf3 1-0


[Site "https://www.chess.com"]

[Event "Titled Tuesday Blitz August 3 2021"]
[White "Spitzl, Vinzent"]
[Black "Hjartarson, Johann"]
[WhiteFideId "12901253"]
[BlackFideId "2300044"]
[WhiteElo "2192"]
[BlackElo "2502"]
[Result "0-1"]
[Round "10"]
[TimeControl "180+1"]
[Date "2021.08.03"]
[WhiteClock "0:00:05"]
[BlackClock "0:00:22"]

1. e4 g6 2. d4 Bg7 3. Nc3 d6 4. Be3 a6 5. a4 Nf6 6. h3 O-O 7. g4 e5 8. Nge2 Nc6 9. Bg2 h5 10. g5 Nd7 11. d5 Nd4 12. O-O c5 13. dxc6 bxc6 14. Nxd4 exd4 15. Bxd4 Qxg5 16. Bxg7 Kxg7 17. Qxd6 Rb8 18. b3 a5 19. f4 Qh4 20. Rad1 Rb4 21. Qxc6 Nf6 22. e5 Nh7 23. Nd5 Bb7 24. Qc3 Bxd5 25. Bxd5 Rxf4 26. Rxf4 Qxf4 27. e6+ Nf6 28. Rf1 Qg5+ 29. Kh2 fxe6 30. Bxe6 Kh6 31. Rf3 Ne4 32. Qe3 Rxf3 33. Qxf3 Qe5+ 34. Kg2 Qxe6 35. Qf4+ g5 36. Qf8+ Kg6 37. c4 Nf6 38. c5 Qe2+ 39. Kg1 Qe3+ 40. Kg2 Qxb3 41. Qd6 Qxa4 42. c6 Qc2+ 43. Kg1 a4 44. c7 a3 45. Qd8 a2 46. Qd4 Qxc7 47. Qd3+ Kh6 0-1


[Site "https://www.chess.com"]

[Event "Titled Tuesday Blitz August 3 2021"]
[White "Srihari L R"]
[Black "Grachev, Boris"]
[WhiteFideId "46617116"]
[BlackFideId "4129199"]
[WhiteElo "2121"]
[BlackElo "2595"]
[Result "0-1"]
[Round "10"]
[TimeControl "180+1"]
[Date "2021.08.03"]
[WhiteClock "0:00:09"]
[BlackClock "0:00:14"]

1. d4 d5 2. c4 e6 3. Nc3 Nf6 4. Bg5 Be7 5. e3 Nbd7 6. Qc2 h6 7. Bh4 O-O 8. Nf3 c5 9. dxc5 Nxc5 10. Be2 b6 11. cxd5 Nxd5 12. Bxe7 Nxe7 13. O-O Bb7 14. Rfd1 Qc8 15. Rac1 Rd8 16. Nb5 Rxd1+ 17. Qxd1 Qd8 18. b4 Na6 19. Nd6 Bxf3 20. Bxf3 Rb8 21. a3 Nc7 22. Qd4 Ncd5 23. Nc4 Rc8 24. Rd1 Qc7 25. Ne5 Nf5 26. Qa1 Nc3 27. Nc6 Nxd1 28. Qxd1 Ne7 29. b5 Nxc6 30. Bxc6 Rd8 31. Qa4 Qd6 32. Bf3 Qd2 33. h3 Qe1+ 34. Kh2 Qxf2 35. Qxa7 Qxe3 36. Qc7 Rd4 37. a4 Qf4+ 38. Qxf4 Rxf4 39. a5 bxa5 40. b6 Rb4 41. b7 a4 42. Bc6 a3 43. Bb5 Rxb5 44. b8=Q+ Rxb8 0-1


[Site "https://www.chess.com"]

[Event "Titled Tuesday Blitz August 3 2021"]
[White "Stribuk, Artiom"]
[Black "Makhnev, Denis"]
[WhiteFideId "13515659"]
[BlackFideId "13707647"]
[WhiteElo "2224"]
[BlackElo "2537"]
[Result "0-1"]
[Round "10"]
[TimeControl "180+1"]
[Date "2021.08.03"]
[WhiteClock "0:00:01"]
[BlackClock "0:00:14"]

1. d4 d5 2. c4 dxc4 3. e4 Nc6 4. Nf3 Bg4 5. Be3 e5 6. d5 Nce7 7. Nc3 Ng6 8. h3 Bd7 9. Bxc4 Bd6 10. Rc1 a6 11. a4 Nf6 12. O-O O-O 13. Re1 Qe7 14. Bf1 h6 15. Qb3 Rfb8 16. Nd2 c6 17. Nc4 cxd5 18. Nxd5 Nxd5 19. exd5 b5 20. Nxd6 Qxd6 21. a5 Rc8 22. g3 Ne7 23. Bg2 Nf5 24. Bb6 f6 25. Rc6 Qf8 26. Rec1 Kh8 27. Rc7 Qd6 28. Qc3 Nd4 29. Rxc8+ Rxc8 30. Qxc8+ Bxc8 31. Rxc8+ Kh7 32. Rd8 Qb4 33. Be4+ f5 34. Bxd4 Qe1+ 35. Kh2 Qxe4 36. Bb6 f4 37. d6 Qd3 38. gxf4 exf4 39. d7 Kg6 40. b4 Kh5 41. Bc5 g5 42. Kg2 Kh4 43. f3 Qd2+ 44. Bf2+ Kh5 45. Kg1 Qd5 46. Kg2 Kg6 47. Kg1 Kh5 48. Kg2 Qd2 49. Kg1 Qd1+ 50. Kg2 Qd6 51. Kg1 Qe7 52. Bb6 Qe2 53. Bf2 Qxf3 54. Bc5 Qxh3 0-1


[Site "https://www.chess.com"]

[Event "Titled Tuesday Blitz August 3 2021"]
[White "Svane, Rasmus"]
[Black "Rustemov, Alexander"]
[WhiteFideId "4657101"]
[BlackFideId "4119002"]
[WhiteElo "2669"]
[BlackElo "2670"]
[Result "1-0"]
[Round "10"]
[TimeControl "180+1"]
[Date "2021.08.03"]
[WhiteClock "0:01:59"]
[BlackClock "0:00:01"]

1. e4 e6 2. d4 d5 3. Nc3 dxe4 4. Nxe4 Bd7 5. Nf3 Bc6 6. Bd3 Nd7 7. O-O Ngf6 8. Ng3 Be7 9. Re1 O-O 10. Ne5 Nxe5 11. dxe5 Nd7 12. Qg4 Re8 13. Bh6 g6 14. Rad1 Bf8 15. Bxf8 Rxf8 16. Be4 Nxe5 17. Qf4 Nd7 18. Bxc6 bxc6 19. Ne4 Kg7 20. Qd2 Nf6 21. Qc3 Qe7 22. Rd7 Qxd7 23. Nxf6 Qd8 24. Ne8+ Kh6 25. Qg7+ Kg5 26. h4+ Kg4 27. Re4+ 1-0


[Site "https://www.chess.com"]

[Event "Titled Tuesday Blitz August 3 2021"]
[White "Ter-Sahakyan, Samvel"]
[Black "Xiong, Jeffery"]
[WhiteFideId "13302531"]
[BlackFideId "2047640"]
[WhiteElo "2551"]
[BlackElo "2724"]
[Result "1-0"]
[Round "10"]
[TimeControl "180+1"]
[Date "2021.08.03"]
[WhiteClock "0:00:16"]
[BlackClock "0:00:21"]

1. Nf3 d5 2. e3 Nf6 3. c4 c6 4. Nc3 e6 5. b3 Bd6 6. Bb2 O-O 7. d4 Nbd7 8. Be2 e5 9. cxd5 e4 10. Nd2 cxd5 11. Nb5 Be7 12. Ba3 a6 13. Bxe7 Qxe7 14. Nc3 b5 15. O-O Bb7 16. Qc2 Rfc8 17. Qb2 Nf8 18. b4 N8d7 19. a4 h5 20. h3 Nb6 21. axb5 axb5 22. Nxb5 Bc6 23. Nc3 Bd7 24. b5 Nh7 25. Rxa8 Rxa8 26. Ra1 Rb8 27. Qa3 Qg5 28. Qd6 Rb7 29. Kh2 Qf5 30. Qf4 Qe6 31. Bxh5 Nf6 32. Be2 Qe7 33. Nb3 Qb4 34. Nc5 Qxc3 35. Ra6 Nc4 36. Nxb7 Bxb5 37. Ra8+ Kh7 38. Qf5+ 1-0


[Site "https://www.chess.com"]

[Event "Titled Tuesday Blitz August 3 2021"]
[White "Terletsky, Oleg"]
[Black "Baskin, Robert"]
[WhiteFideId "14116774"]
[BlackFideId "24662402"]
[WhiteElo "2094"]
[BlackElo "2462"]
[Result "1/2-1/2"]
[Round "10"]
[TimeControl "180+1"]
[Date "2021.08.03"]
[WhiteClock "0:00:31"]
[BlackClock "0:00:32"]

1. e4 e5 2. Nf3 Nc6 3. Nc3 Nf6 4. d4 exd4 5. Nxd4 Bb4 6. Nxc6 bxc6 7. Bd3 d5 8. exd5 O-O 9. O-O cxd5 10. Bg5 c6 11. Qf3 Bd6 12. h3 Rb8 13. Rab1 Re8 14. Ne2 h6 15. Bxf6 Qxf6 16. Qxf6 gxf6 17. Nd4 Bd7 18. Bf5 Bxf5 19. Nxf5 Bc5 20. Nxh6+ Kf8 21. c3 Re2 22. b4 Bb6 23. a4 a6 24. a5 Ba7 25. Nf5 Rbe8 26. Rbc1 R8e5 27. Nd4 Bxd4 28. cxd4 Re6 29. Rfd1 Rb2 30. Rb1 Rc2 31. Re1 Rxe1+ 32. Rxe1 Rc4 33. Rb1 Rxd4 34. g3 Rc4 35. Kg2 Rc3 36. h4 d4 37. Kf1 Rc2 38. Rb3 Kg7 39. Rd3 Rc4 40. Rb3 Rc2 41. Rd3 Rc4 42. Rb3 Rc2 1/2-1/2


[Site "https://www.chess.com"]

[Event "Titled Tuesday Blitz August 3 2021"]
[White "Timmermans, Mark"]
[Black "Perez Gormaz, Matias"]
[WhiteFideId "1026399"]
[BlackFideId "3406342"]
[WhiteElo "2460"]
[BlackElo "2414"]
[Result "1/2-1/2"]
[Round "10"]
[TimeControl "180+1"]
[Date "2021.08.03"]
[WhiteClock "0:00:37"]
[BlackClock "0:00:41"]

1. b4 d5 2. Bb2 Bg4 3. Nf3 Bxf3 4. exf3 Nf6 5. c4 e6 6. b5 g6 7. Be2 Bg7 8. O-O O-O 9. a4 Nbd7 10. d4 dxc4 11. Bxc4 Nb6 12. Bd3 Nbd5 13. g3 Ne8 14. Nd2 Nb4 15. Be4 Nd6 16. Ba3 a5 17. bxa6 Nxa6 18. Bxd6 Qxd6 19. Bxb7 Ra7 20. Bxa6 Rxa6 21. Nb3 Rb8 22. a5 h5 23. Ra4 Qd5 24. Nc5 Rd6 25. a6 Bxd4 26. a7 Ra8 27. Ne4 Rdd8 28. Qc2 Qb7 29. Rb1 Bb6 30. Qb2 Rxa7 31. Nf6+ Kf8 32. Nh7+ Kg8 33. Nf6+ Kf8 34. Nh7+ Kg8 35. Nf6+ 1/2-1/2


[Site "https://www.chess.com"]

[Event "Titled Tuesday Blitz August 3 2021"]
[White "Tologon tegin, Semetei"]
[Black "Todev, Simeon"]
[WhiteFideId "13800574"]
[BlackFideId "2925133"]
[WhiteElo "2224"]
[BlackElo "1818"]
[Result "1-0"]
[Round "10"]
[TimeControl "180+1"]
[Date "2021.08.03"]
[WhiteClock "0:00:31"]
[BlackClock "0:00:02"]

1. e4 c5 2. Na3 e6 3. c3 Nc6 4. Nf3 g6 5. d4 cxd4 6. cxd4 d5 7. e5 Bg7 8. h4 Nge7 9. h5 Nf5 10. g4 Nh6 11. Nb5 Nxg4 12. Nd6+ Kf8 13. h6 Bxh6 14. Bxh6+ Nxh6 15. Rxh6 Qb6 16. Qd2 Bd7 17. Bb5 Rd8 18. Bxc6 Bxc6 19. Ng5 Rd7 20. Rxh7 Rxh7 21. Nxh7+ Kg7 22. Nf6 Rxd6 23. exd6 Kxf6 24. O-O-O Bb5 25. Rh1 Qxd6 26. Qh6 Ke7 27. Qg5+ Kd7 28. Rh8 Qc6+ 29. Kd2 Qb6 30. Qf6 Qa5+ 31. Kc2 Qa4+ 32. Kd2 Qb4+ 33. Ke3 Qe1+ 34. Kf3 Qd1+ 35. Kg2 Qg4+ 36. Kh2 Kc6 37. Rc8+ Kb6 38. Rc3 Qh5+ 39. Rh3 Qe2 40. Qd8+ Ka6 41. Ra3+ 1-0


[Site "https://www.chess.com"]

[Event "Titled Tuesday Blitz August 3 2021"]
[White "Tsaruk, Maksim"]
[Black "Najdin, Danil"]
[WhiteFideId "13511173"]
[BlackFideId "4172426"]
[WhiteElo "2184"]
[BlackElo "2193"]
[Result "1-0"]
[Round "10"]
[TimeControl "180+1"]
[Date "2021.08.03"]
[WhiteClock "0:00:06"]
[BlackClock "0:00:02"]

1. Nf3 Nf6 2. d4 g6 3. c4 Bg7 4. g3 O-O 5. Bg2 d6 6. O-O Nc6 7. Nc3 a6 8. h3 Rb8 9. d5 Na5 10. Nd2 c5 11. a4 Bd7 12. Qc2 e6 13. dxe6 Bxe6 14. b3 Nc6 15. Bb2 Nd4 16. Qd1 Qd7 17. Kh2 b5 18. axb5 axb5 19. e3 Nc6 20. Nxb5 Ng4+ 21. hxg4 Bxb2 22. Ne4 f5 23. Nexd6 Bxa1 24. Qxa1 fxg4 25. Ne4 Qg7 26. Qxg7+ Kxg7 27. Nxc5 Nd8 28. Nd4 Bc8 29. Bd5 Rb6 30. Kg2 Rbf6 31. b4 Nf7 32. Nce6+ Bxe6 33. Nxe6+ Kg8 34. Nxf8 Kxf8 35. Bxf7 Kxf7 36. b5 Ke7 37. c5 Rf5 38. Rc1 Kd7 39. c6+ Kc8 40. b6 Rb5 41. b7+ Kc7 42. Rc4 h5 43. Kf1 Rb2 44. Ke1 g5 45. Rc5 h4 46. Rxg5 h3 47. Rg8 h2 48. Rc8+ Kd6 49. Rh8 Kxc6 50. Rxh2 Kxb7 51. Rh6 Kc7 52. Rf6 Rb5 53. Rf4 Rg5 54. Rd4 Kc6 55. Ke2 Kc5 56. Kd3 Rf5 57. Rf4 Rg5 58. Ke4 Rg8 59. Rf5+ Kc4 60. Kf4 Kd3 61. e4 Ke2 62. e5 Kxf2 63. e6 Kg2 64. e7 Re8 65. Rf7 Kh3 66. Rh7+ Kg2 67. Kxg4 Rg8+ 68. Kf5 Kxg3 69. Ke6 Ra8 70. Kf7 1-0


[Site "https://www.chess.com"]

[Event "Titled Tuesday Blitz August 3 2021"]
[White "Turzo, Attila"]
[Black "Iskusnyh, Sergei"]
[WhiteFideId "704954"]
[BlackFideId "4120027"]
[WhiteElo "2429"]
[BlackElo "2492"]
[Result "0-1"]
[Round "10"]
[TimeControl "180+1"]
[Date "2021.08.03"]
[WhiteClock "0:00:08"]
[BlackClock "0:00:44"]

1. d4 d5 2. c4 e6 3. Nf3 dxc4 4. e3 Nf6 5. Bxc4 a6 6. O-O b5 7. Be2 Bb7 8. a4 b4 9. Nbd2 Nbd7 10. Nc4 c5 11. b3 Be7 12. Bb2 O-O 13. a5 Nd5 14. Rc1 Qb8 15. g3 Rc8 16. Nfe5 Nxe5 17. dxe5 Rd8 18. Qc2 Qc7 19. e4 Nc3 20. Bxc3 bxc3 21. Bf3 Rd4 22. Qxc3 Rad8 23. Qc2 Bc6 24. Rfd1 Bb5 25. Nd6 Rxd1+ 26. Rxd1 Bxd6 27. exd6 Rxd6 28. Rc1 g6 29. Qxc5 Rc6 30. Qxc6 Bxc6 31. e5 Qxa5 32. Rxc6 Kg7 33. Kg2 Qb5 34. b4 h5 35. h4 Qxe5 36. Rxa6 Qb5 37. Ra7 Qxb4 38. Rb7 Qd4 39. Bc6 Qd6 40. Bf3 e5 41. Rb1 Qd3 42. Rd1 Qc4 43. Rd7 e4 44. Bd1 e3 45. Bf3 Qc2 46. Bd5 Qxf2+ 47. Kh1 e2 48. Rxf7+ Qxf7 49. Bxf7 0-1


[Site "https://www.chess.com"]

[Event "Titled Tuesday Blitz August 3 2021"]
[White "Vasquez Schroeder, Rodrigo"]
[Black "Piesik, Piotr"]
[WhiteFideId "3400042"]
[BlackFideId "1136194"]
[WhiteElo "2748"]
[BlackElo "2574"]
[Result "1-0"]
[Round "10"]
[TimeControl "180+1"]
[Date "2021.08.03"]
[WhiteClock "0:00:40"]
[BlackClock "0:00:27"]

1. e4 g6 2. d4 Bg7 3. Nf3 c6 4. Nc3 d6 5. a4 Nf6 6. h3 O-O 7. Be3 Nbd7 8. a5 e5 9. dxe5 dxe5 10. Qd6 Re8 11. Bc4 Bf8 12. Qd3 Qc7 13. Ng5 Re7 14. b4 h6 15. Nf3 Re8 16. Rb1 b5 17. axb6 axb6 18. O-O b5 19. Bb3 Nb6 20. Ne2 Be6 21. Bxb6 Qxb6 22. Bxe6 Rxe6 23. c4 bxc4 24. Qxc4 Qb5 25. Rfc1 Rb8 26. Nd2 Bxb4 27. Nc3 Qxc4 28. Nxc4 Bd6 29. Rxb8+ Bxb8 30. Rb1 Bd6 31. f3 Bc5+ 32. Kf1 Bd4 33. Na4 Nd7 34. Rb7 Nc5 35. Nxc5 Bxc5 36. Ke2 Bd4 37. Rd7 Re8 38. Nd6 Rf8 39. Kd3 Bc5 40. Nb7 Bd4 41. Rc7 Ra8 42. Nd6 Ra3+ 43. Kc4 Rc3+ 44. Kb4 c5+ 45. Kb5 Rb3+ 46. Kc4 Rb4+ 47. Kd5 Be3 48. Nxf7 Rd4+ 49. Kxe5 c4 50. Kf6 Bg5+ 51. Kxg6 1-0


[Site "https://www.chess.com"]

[Event "Titled Tuesday Blitz August 3 2021"]
[White "Vusatiuk, Vladimir"]
[Black "Zhurbinsky, David"]
[WhiteFideId "14118610"]
[BlackFideId "2072904"]
[WhiteElo "2167"]
[BlackElo "2567"]
[Result "0-1"]
[Round "10"]
[TimeControl "180+1"]
[Date "2021.08.03"]
[WhiteClock "0:00:02"]
[BlackClock "0:00:04"]

1. d4 Nf6 2. c4 e6 3. Nf3 Bb4+ 4. Nbd2 O-O 5. g3 b6 6. Bg2 Bb7 7. O-O a5 8. a3 Be7 9. Qc2 d6 10. e4 Nbd7 11. Re1 e5 12. d5 Nc5 13. b3 Ne8 14. Nf1 Bc8 15. Ne3 Bf6 16. Bb2 g6 17. b4 Na6 18. Bc3 axb4 19. axb4 Bd7 20. Nd2 Bg7 21. f4 exf4 22. gxf4 Qh4 23. Qb2 Qxf4 24. b5 Nc5 25. Rxa8 Nd3 26. Qb1 Qf2+ 27. Kh1 Nxe1 28. Bxg7 Nxg7 29. Rxf8+ Kxf8 30. Ndf1 Nh5 31. Qd1 Nf4 32. Ng3 Nfxg2 33. Nef1 Nf3 34. Nd2 Nge1 35. Nxf3 Qg2# 0-1


[Site "https://www.chess.com"]

[Event "Titled Tuesday Blitz August 3 2021"]
[White "Wei, Yi"]
[Black "Gokerkan, Cem Kaan"]
[WhiteFideId "8603405"]
[BlackFideId "6336760"]
[WhiteElo "2686"]
[BlackElo "2361"]
[Result "0-1"]
[Round "10"]
[TimeControl "180+1"]
[Date "2021.08.03"]
[WhiteClock "0:00:01"]
[BlackClock "0:00:03"]

1. d4 Nf6 2. c4 e6 3. g3 d5 4. Bg2 Be7 5. Nf3 O-O 6. Qc2 c5 7. O-O cxd4 8. Nxd4 Nc6 9. Nxc6 bxc6 10. b3 a5 11. Nc3 Ba6 12. Rd1 Qc7 13. Na4 Rfd8 14. cxd5 Nxd5 15. Bb2 Nb4 16. Qe4 Rxd1+ 17. Rxd1 Rd8 18. Rc1 Nxa2 19. Rxc6 Rd1+ 20. Bf1 Qb7 21. f3 Bxe2 22. Qxe2 Rxf1+ 23. Kxf1 Qxc6 24. Qe4 Qb5+ 25. Qc4 Qxc4+ 26. bxc4 Nb4 27. Ke2 f6 28. Ke3 Kf7 29. Bc3 Nc6 30. Kd3 e5 31. c5 Ke6 32. Kc4 f5 33. f4 exf4 34. gxf4 g5 35. fxg5 Bxg5 36. Kb5 Na7+ 37. Kb6 Nc8+ 38. Kb7 Ne7 39. c6 f4 40. c7 f3 41. Nc5+ Kd5 42. Nd3 Kc4 43. Ne5+ Kxc3 44. Nc6 Bf4 45. Nxe7 Bxc7 0-1


[Site "https://www.chess.com"]

[Event "Titled Tuesday Blitz August 3 2021"]
[White "Wilson, Elvin"]
[Black "Novikov, Evgenij"]
[WhiteFideId "2014874"]
[BlackFideId "4125380"]
[WhiteElo "2313"]
[BlackElo "2242"]
[Result "0-1"]
[Round "10"]
[TimeControl "180+1"]
[Date "2021.08.03"]
[WhiteClock "0:00:01"]
[BlackClock "0:00:07"]

1. c4 c6 2. g3 d6 3. Bg2 Nd7 4. Nc3 h6 5. e4 g5 6. Nge2 Ne5 7. d3 Bg7 8. h3 Ng6 9. Be3 Nf6 10. Qd2 a5 11. O-O-O a4 12. Rhg1 a3 13. b3 Qa5 14. d4 Nd7 15. f4 b5 16. cxb5 Bb7 17. bxc6 Bxc6 18. Kb1 Nb6 19. d5 Bb7 20. Bd4 f6 21. Qd3 Ba6 22. Qd2 Kf7 23. Bf3 Nc4 24. Qc1 h5 25. Ka1 Rab8 26. bxc4 Bxc4 27. Nb1 Rhc8 28. Bc3 Qb5 29. Nxa3 Qa6 0-1


[Site "https://www.chess.com"]